 Dungeon Crawl Stone Soup version 0.31-a0-239-g0a1456f148 (webtiles) character file.

Game seed: 3864531589827790223

120 qw the Shooter (level 4, -5/37 HPs)
             Began as a Minotaur Hexslinger on July 11, 2023.
             Slain by Natasha (8 damage)
             ... on level 2 of the Dungeon.
             The game lasted 00:00:43 (1527 turns).

qw the Shooter (Minotaur Hexslinger)                Turns: 1527, Time: 00:00:43

Health: -5/37      AC:  5    Str: 12    XL:     4   Next: 75%
Magic:  4/4        EV: 12    Int: 10    God:
Gold:   127        SH:  0    Dex: 15    Spells: 4/5 levels left

rFire   . . .        Y - +1 sling
rCold   . . .        (no shield)
rNeg    . . .        g - +0 leather armour
rPois   .            (helmet restricted)
rElec   .            (no cloak)
rCorr   .            b - +1 pair of gloves
SInv    .            (no boots)
Will    .....        (no amulet)
Stlth   +            (no ring)
HPRegen 0.26/turn    (no ring)
MPRegen 0.09/turn

%: no passive effects
@: slowed, very slow
A: horns 2, retaliatory headbutt
a: no special abilities


You were on level 2 of the Dungeon.
You visited 1 branch of the dungeon, and saw 2 of its levels.

You collected 127 gold pieces.


Innate Abilities, Weirdness & Mutations

You have a pair of horns on your head.
You reflexively headbutt those who attack you in melee.


   Skills:
 + Level 2.3 Fighting
 - Level 5.2 Ranged Weapons
 - Level 2.1 Dodging
 - Level 1.0 Spellcasting
 - Level 2.0 Hexes


You had 4 spell levels left.
You knew the following spells:

 Your Spells              Type           Power      Damage    Failure   Level
a - Slow                  Hex            16%        N/A       19%         1

Your spell library contained the following spells:

 Spells                   Type           Power      Damage    Failure   Level
 Inner Flame              Hex/Fire       2%         N/A       65%         3
 Portal Projectile        Hex/Tloc       4%         N/A       65%         3
 Cause Fear               Hex            2%         N/A       88%         4

Inventory:

Hand Weapons
 Y - a +1 sling (weapon)
Armour
 b - a +1 pair of gloves (worn)
 g - a +0 leather armour (worn)
Jewellery
 k - a ring of flight
Scrolls
 a - a scroll of identify
 d - a scroll of vulnerability {unknown}
 l - a scroll of blinking {unknown}
 m - a scroll of immolation {unknown}
Potions
 c - a potion of degeneration {unknown}
 e - 2 potions of heal wounds {unknown}
 f - a potion of ambrosia {unknown}
 h - a potion of resistance {unknown}
 i - a potion of might {unknown}
 j - a potion of curing {unknown}

Dungeon Overview and Level Annotations

Branches:
Dungeon (2/15)

Altars:

Annotations:
D:2 Natasha


Message History

The cerulean imp hits you from afar with a +0 spear.
You shoot a sling bullet. The sling bullet hits the cerulean imp.
The cerulean imp is moderately wounded.
The cerulean imp hits you but does no damage.
The cerulean imp barely misses you.
You shoot a sling bullet.
The sling bullet closely misses the cerulean imp.
The cerulean imp barely misses you. Natasha claws you!
You shoot a sling bullet.
The sling bullet closely misses Natasha.
The cerulean imp barely misses you. Natasha claws you.
The cerulean imp hits you but does no damage.
Natasha casts a spell at you. The magic dart hits you.
You shoot a sling bullet. The sling bullet misses Natasha.
The cerulean imp hits you from afar with a +0 spear.
Natasha barely misses you.
The cerulean imp hits you from afar with a +0 spear.
You shoot a sling bullet. The sling bullet barely misses Natasha.
The cerulean imp disappears in a puff of smoke!
Natasha claws you. Natasha completely misses you. You furiously retaliate!
You headbutt Natasha. You shoot a sling bullet.
The sling bullet closely misses Natasha.
Natasha claws you. Natasha barely misses you.
You shoot a sling bullet. The sling bullet hits Natasha.
Natasha is moderately wounded.
Natasha claws you.
Natasha extends her claws.
Natasha barely misses you. You furiously retaliate!
You headbutt Natasha. You shoot a sling bullet.
The sling bullet barely misses Natasha.
Natasha casts a spell at you. The magic dart hits you.
Natasha stares at you and mumbles some strange words.
You resist with some effort.
You shoot a sling bullet. The sling bullet hits Natasha.
Natasha is almost dead.
Natasha extends her claws.
Natasha claws you!
You die...

####.# #.# #.###### #.....
#....# #.# #......# #.....
#.#### #.# #..###.#####.#..#
#.# #.# ##.# #.>....###.. #.#
#<# #.# #######.#... #.# #.#
#.# ##.#..
###.######.####.############..
#.............h............>..
#.#.#########@#..#####........
#.#.........#.#..#####...##.#.
#.#####................#.##.#.
#.#...w.......#..#####.[......
#)#.#######...#..# #....#.##
#.#.# #...#..########.#.# #
#.#.# ####............##.#.# #
#...# #......#..####...#.#.# #
###.# #.....##.......#.....#


You could see Natasha.

Vanquished Creatures
  Natasha (twice) (D:2)
  2 adders (D:2)
  A worm (D:2)
  2 dart slugs
  4 bats
  2 endoplasms
  2 giant cockroaches
  3 goblins
  5 hobgoblins
  3 jackals (D:1)
  2 quokkas (D:1)
  3 ball pythons
  3 frilled lizards
  3 kobolds (D:1)
  11 rats
48 creatures vanquished.

Notes
Turn   | Place    | Note
-------+----------+-------------------------------------------
     0 | D:1      | qw the Minotaur Hexslinger began the quest for the Orb.
     0 | D:1      | Reached XP level 1. HP: 16/16 MP: 1/1
     0 | D:1      | 0 ||| qw: Version: 0.3-a-52-g30416fa
     0 | D:1      | 0 ||| qw: Game counter: 5907
     0 | D:1      | 0 ||| qw: Melee chars always use a shield: true
     0 | D:1      | 0 ||| qw: God list: Okawaru
     0 | D:1      | 0 ||| qw: Allow faded altars: false
     0 | D:1      | 0 ||| qw: Do Orc after clearing Dungeon:15 true
     0 | D:1      | 0 ||| qw: Do second Lair branch before Depths: true
     0 | D:1      | 0 ||| qw: Lair rune preference: random
     0 | D:1      | 0 ||| qw: Goals: Normal
     0 | D:1      | 0 ||| PLANNING D:1-11
    64 | D:1      | Reached skill level 3 in Ranged Weapons
    64 | D:1      | Reached XP level 2. HP: 21/23 MP: 2/2
   123 | D:1      | 123 ||| Stepping ~*~*~tactically~*~*~ (outnumbered).
   403 | D:1      | Reached XP level 3. HP: 29/29 MP: 3/3
   585 | D:1      | 585 ||| UPGRADING to +0 leather armour.
   595 | D:1      | 595 ||| DROPPING +0 robe.
   596 | D:1      | 596 ||| READING 2 scrolls labelled GUSHRU PUID.
   597 | D:1      | 597 ||| READING scroll labelled MUGOUZEL ROPT.
   598 | D:1      | 598 ||| READING scroll labelled VAPEMO DEUCW.
   599 | D:1      | 599 ||| DROPPING scroll of poison.
   695 | D:2      | Reached skill level 4 in Ranged Weapons
   695 | D:2      | 695 ||| FLEEEEING.
   697 | D:2      | 697 ||| FLEEEEING.
   698 | D:2      | 698 ||| FLEEEEING.
   700 | D:2      | 700 ||| FLEEEEING.
   701 | D:2      | 701 ||| FLEEEEING.
   702 | D:2      | 702 ||| FLEEEEING.
   709 | D:2      | 709 ||| STAIRDANCE
   751 | D:1      | 751 ||| UPGRADING to +1 pair of gloves.
   756 | D:1      | 756 ||| READING scroll labelled HUARHOUREU.
   987 | D:2      | Noticed Natasha
   998 | D:2      | Killed Natasha
   999 | D:2      | Reached XP level 4. HP: 25/36 MP: 4/4
  1021 | D:2      | Noticed Natasha
  1030 | D:2      | Killed Natasha
  1031 | D:2      | Reached skill level 5 in Ranged Weapons
  1506 | D:2      | Noticed Natasha
  1508 | D:2      | 1508 ||| Stepping ~*~*~tactically~*~*~ (outnumbered).
  1524 | D:2      | HP: 9/37 [Natasha (6)]
  1526 | D:2      | HP: 3/37 [Natasha/magic dart (3)]
  1527 | D:2      | Slain by Natasha

Levels and vault maps discovered:
D:1:      heliophobic_arrival_enchanted_forest, layout_rooms,
          grunt_decor_mini_mirrors, minmay_rat_gold_closets
D:2:      layout_loops_ring, minmay_pentomino_q4, uniq_natasha

Skill      XL: |  1  2  3  4 |
---------------+-------------+-----
Ranged Weapons | 3 4 5 |  5.2
Fighting       | 2 |  2.3
Dodging        | |  2.1
Spellcasting   | |  1.0
Hexes          | |  2.0

Action                     |  1- 3 |  4- 6 || total
---------------------------+-------+-------++-------
   Fire: Sling             |   122 |    51 ||   173
    Use: Scroll            |     4 |       ||     4
 Armour: Robe              |     2 |       ||     2
         Leather armour    |     8 |     9 ||    17
  Dodge: Dodged            |    37 |    19 ||    56

Table legend:
 A = Non-vault XP
 B = Vault XP
 C = Vault XP percentage of total XP
 D = Non-vault monster count
 E = Vault monster count
 F = Vault count percentage of total count
                 A         B        C        D         E       F
            +---------+---------+-------+---------+---------+-------
      Total |     126 |      46 |  26.7 |      37 |      11 |  22.9
            +---------+---------+-------+---------+---------+-------
        D:1 |      39 |       8 |  17.0 |      22 |       8 |  26.7
        D:2 |      87 |      38 |  30.4 |      15 |       3 |  16.7
            +---------+---------+-------+---------+---------+-------
